 Dungeon Crawl Stone Soup version 0.26-b1-32-g5d43845318 (webtiles) character file.

Game seed: 4902462654662385772

431 Arthanis the Firebug (level 6, -2/32 HPs)
             Began as a Deep Elf Fire Elementalist on Jan 9, 2021.
             Slain by a bullfrog skeleton (4 damage)
             ... on level 4 of the Dungeon.
             The game lasted 00:06:02 (3835 turns).

Arthanis the Firebug (Deep Elf Fire Elementalist)   Turns: 3835, Time: 00:06:02

Health: -2/32      AC:  3    Str:  5    XL:     6   Next: 66%
Magic:  12/16      EV: 13    Int: 22    God:
Gold:   93         SH:  0    Dex: 15    Spells: 2/15 levels left

rFire    . . .     SeeInvis .   g - +0 trident
rCold    . . .     Faith    .   (no shield)
rNeg     . . .     Spirit   .   a - +0 robe
rPois    .         Reflect  .   (no helmet)
rElec    .         Harm     .   (no cloak)
rCorr    .         Rampage  .   i - +0 pair of gloves
Will     .....                  (no boots)
Stlth    ++........             (no amulet)
HPRegen  0.10/turn              (no ring)
MPRegen  0.15/turn              (no ring)

@: brilliant
A: no striking features
a: no special abilities


You were on level 4 of the Dungeon.
You visited 1 branch of the dungeon, and saw 4 of its levels.

You collected 93 gold pieces.

Inventory:

Hand Weapons
 g - a +0 trident (weapon)
Armour
 a - a +0 robe (worn)
 i - a +0 pair of gloves (worn)
Wands
 f - a wand of flame (9)
 k - a wand of random effects (12)
 m - a wand of acid (12)
Scrolls
 b - 4 scrolls of teleportation
 d - a scroll of remove curse
 h - a scroll of noise
 j - 2 scrolls of blinking
 n - 3 scrolls of immolation
 q - a scroll of enchant armour
Potions
 e - 2 potions of magic {unknown}
 o - a potion of attraction {unknown}
 p - a potion of flight {unknown}


   Skills:
 - Level 2.4 Dodging
 - Level 2.4 Stealth
 + Level 5.4 Spellcasting
 + Level 3.7 Conjurations
 * Level 6.3 Fire Magic


You had 2 spell levels left.
You knew the following spells:

 Your Spells              Type           Power        Failure   Level
a - Foxfire               Conj/Fire      100%         1%          1
b - Conjure Flame         Conj/Fire      42%          3%          3
c - Sticky Flame          Conj/Fire      42%          12%         4
d - Fireball              Conj/Fire      21%          32%         5

Your spell library contained the following spells:

 Spells                   Type           Power        Failure   Level
 Inner Flame              Hex/Fire       29%          8%          3


Dungeon Overview and Level Annotations

Branches:
Dungeon (4/15)
 Temple: D:4-7

Altars:
Cheibriados
Dithmenos
Ru
Xom

Annotations:
D:3 3 runed translucent doors, raph's ghost, amateur DEFE


Message History

The foxfire hits the bullfrog skeleton.
The bullfrog skeleton is moderately damaged.
The bullfrog skeleton hits you.
* * * LOW HITPOINT WARNING * * *
Casting: Foxfire (safe; 1% risk of failure)
Confirm with . or Enter, or press ? or * to list all spells.
You conjure some foxfire!
The bullfrog skeleton hits you.
* * * LOW HITPOINT WARNING * * *
Casting: Foxfire (safe; 1% risk of failure)
Confirm with . or Enter, or press ? or * to list all spells.
Nothing appears to happen.
The foxfire hits the bullfrog skeleton.
The bullfrog skeleton is heavily damaged.
The foxfire hits the bullfrog skeleton!
The bullfrog skeleton is severely damaged.
The bullfrog skeleton hits you.
* * * LOW HITPOINT WARNING * * *
It was a potion of brilliance.
You feel clever all of a sudden. The bullfrog skeleton hits you.
You die...

..88≈≈≈≈≈88...##..##............#
..............##..##............#
..............##.>##.############
..88≈≈≈≈≈88..#######.............
####≈≈≈≈###### ############## #
#≈≈≈≈≈# gg.g)...# # # #≈≈≈≈≈# ###
#.# # # #≈≈≈≈## #.##### #.# #
##≈≈≈≈≈# #@Z.)<#######.# #
##≈≈≈≈≈# #.####........# # # #.#
#.######## # # #.# #.# # # #.#
#.########### # #.# #............
# #.# ############# # #.# # # #.#


You could see a bullfrog skeleton.

Vanquished Creatures
  Grinder (D:4)
  An orc wizard (D:4)
  An orc priest (D:4)
  Natasha (thrice) (D:2)
  3 gnolls
  An ooze (D:4)
  2 worms (D:2)
  2 dart slugs
  2 leopard geckos
  3 orcs (D:4)
  4 giant cockroaches
  5 kobolds
  A quokka (D:2)
  A ball python (D:1)
  5 bats
  3 frilled lizards
  12 goblins
  6 rats
  A butterfly (D:2)
57 creatures vanquished.

Vanquished Creatures (others)
  235 foxfires
235 creatures vanquished.

Grand Total: 292 creatures vanquished

Notes
Turn   | Place    | Note
-------+----------+-------------------------------------------
     0 | D:1      | Arthanis the Deep Elf Fire Elementalist began the quest for
                  | the Orb.
     0 | D:1      | Reached XP level 1. HP: 10/10 MP: 6/6
   307 | D:1      | Reached XP level 2. HP: 13/15 MP: 4/8
  1167 | D:2      | Noticed Natasha
  1172 | D:2      | Killed Natasha
  1173 | D:2      | Reached skill level 4 in Fire Magic
  1173 | D:2      | Reached XP level 3. HP: 19/19 MP: 5/10
  1331 | D:2      | Found a snail-covered altar of Cheibriados.
  1512 | D:2      | Noticed Natasha
  1517 | D:2      | Killed Natasha
  1518 | D:2      | Reached XP level 4. HP: 23/24 MP: 2/12
  1570 | D:2      | Noticed Natasha
  1574 | D:2      | Killed Natasha
  2099 | D:2      | Found a shimmering altar of Xom.
  2448 | D:3      | Found a runed translucent gate.
  2448 | D:3      | Found a runed translucent gate.
  2448 | D:3      | Found a runed translucent gate.
  2475 | D:3      | Noticed raph's ghost (amateur DEFE)
  2599 | D:3      | Reached skill level 5 in Fire Magic
  2685 | D:3      | Found a faded altar of an unknown god.
  2767 | D:3      | Found a sacrificial altar of Ru.
  2927 | D:3      | Found a shadowy altar of Dithmenos.
  3161 | D:3      | Noticed an eye of draining
  3366 | D:3      | Reached XP level 5. HP: 27/28 MP: 11/13
  3370 | D:3      | Learned a level 3 spell: Conjure Flame
  3375 | D:3      | Learned a level 4 spell: Sticky Flame
  3589 | D:4      | Learned a level 5 spell: Fireball
  3629 | D:4      | Noticed Grinder
  3641 | D:4      | Killed Grinder
  3642 | D:4      | Reached skill level 5 in Spellcasting
  3642 | D:4      | Reached skill level 6 in Fire Magic
  3642 | D:4      | Reached XP level 6. HP: 17/32 MP: 2/16
  3835 | D:4      | Slain by a bullfrog skeleton

Illustrated notes

Levels and vault maps discovered:
D:1:      arrival_zaba_pyramid, layout_basic, chequers_decorated_corner
D:2:      layout_loops_ring, kennysheep_slug_shrine, xom_butterflies,
          uniq_natasha
D:3:      layout_basic, trog_eyes_of_draining, hangedman_ru_absence,
          grunt_dithmenos_smoke_and_mirrors, gammafunk_ghost_split,
          chequers_ecumenical_altar_simple
D:4:      wander_river, layout_basic, portal_sewer_entry_b, uniq_grinder

Skill      XL: |  1  2  3  4  5 |
---------------+----------------+-----
Conjurations   | 2 3 |  3.7
Fire Magic     | 4 5 6 |  6.3
Spellcasting   | 4 5 |  5.4
Dodging        | |  2.4
Stealth        | |  2.4

Action                   |  1- 3 |  4- 6 || total
-------------------------+-------+-------++-------
Melee: Unarmed           |     2 |     3 ||     5
 Cast: Foxfire           |    76 |   103 ||   179
       Sticky Flame      |       |     1 ||     1
  Use: Scroll            |       |     7 ||     7
       Potion            |       |     2 ||     2
 Stab: Sleeping          |       |     1 ||     1
Armor: Robe              |     4 |     5 ||     9
Dodge: Dodged            |    10 |    19 ||    29
